 Dungeon Crawl Stone Soup version 0.30-a0-1112-gfb780f5df6 (webtiles) character file.

Game seed: 9939225201833565052

43 dracfodder the Covered (level 3, -2/24 HPs)
             Began as a Gargoyle Fighter on Apr 19, 2023.
             Killed by divine providence
             ... invoked by an orc priest
              (11 damage)
             ... on level 3 of the Dungeon.
             The game lasted 00:03:36 (1466 turns).

dracfodder the Covered (Gargoyle Fighter)           Turns: 1466, Time: 00:03:37

Health: -2/24      AC: 11    Str: 21    XL:     3   Next: 58%
Magic:  3/3        EV:  9    Int:  8    God:
Gold:   126        SH:  0    Dex:  9    Spells: 2/2 levels left

rFire   . . .      SeeInvis +    a - +0 flail
rCold   . . .      Faith    .    c - +0 buckler
rNeg    + . .      Spirit   .    e - +0 scale mail
rPois   ∞          Reflect  .    (no helmet)
rElec   +          Rampage  .    (no cloak)
rCorr   .                        f - +0 pair of gloves
Will    .....                    (no boots) Stlth
                                 (no amulet)
HPRegen 0.24/turn                n - ring of see invisible
MPRegen 0.08/turn                (no ring)

@: confused, ambrosia-drunk
A: sickness immunity, AC +3, negative energy resistance 1, electricity
resistance, torment resistance 1, petrification resistance
a: no special abilities


You were on level 3 of the Dungeon.
You visited 1 branch of the dungeon, and saw 3 of its levels.

You collected 126 gold pieces.

Inventory:

Hand Weapons
 a - a +0 flail (weapon)
 b - a +0 sling
Armour
 c - a +0 buckler (worn)
 e - a +0 scale mail (worn)
 f - a +0 pair of gloves (worn)
Jewellery
 n - a ring of see invisible (left hand)
 p - an amulet of regeneration
Scrolls
 g - a scroll of teleportation {unknown}
 j - a scroll of immolation {unknown}
 k - 2 scrolls of amnesia {unknown}
 l - a scroll of poison {unknown}
 m - a scroll of enchant weapon {unknown}
Potions
 d - 3 potions of might
 h - a potion of flight {unknown}
 i - 3 potions of heal wounds {unknown}


   Skills:
 + Level 3.6 Fighting
 * Level 2.6 Maces & Flails
 + Level 3.7 Armour
 + Level 0.3 Dodging
 + Level 3.6 Shields


You had 2 spell levels left.
You didn't know any spells.
Your spell library contained the following spells:

 Spells                   Type           Power      Damage    Failure   Level
 Dazzling Flash           Conj/Hex       0%         N/A       99%         3
 Agony                    Necr           0%         N/A       100%        5
 Silence                  Hex/Air        0%         N/A       100%        5


Dungeon Overview and Level Annotations

Branches:
Dungeon (3/15)

Altars:


Innate Abilities, Weirdness & Mutations

You are immune to sickness and miasma.
Your stone body is resilient. (AC +3)
You are immune to poison.
You resist negative energy. (rN+)
You are resistant to electric shocks. (rElec)
You are resistant to unholy torment.
You are immune to petrification.


Message History

* * * LOW HITPOINT WARNING * * *
You block the adder's attack.
You hit the adder.
The adder is heavily wounded.
The adder bites you but does no damage. You block the orc's attack.
The orc closely misses you.
An orc comes into view. It is wielding a +0 hand axe.
The adder bites you but does no damage.
The orc shouts!
You hit the adder but do no damage.
The adder is heavily wounded.
The adder closely misses you. The orc barely misses you.
You barely miss the adder.
The adder is heavily wounded.
The adder bites you but does no damage. The orc wizard hits you with a +0 club.
* * * LOW HITPOINT WARNING * * *
The orc closely misses you. The adder barely misses you.
You miss the adder.
The adder is heavily wounded.
You block the adder's attack. The orc wizard hits you with a +0 club.
* * * LOW HITPOINT WARNING * * *
The orc hits you with a +2 trident of venom.
* * * LOW HITPOINT WARNING * * *
The adder bites you.
* * * LOW HITPOINT WARNING * * *
It was a potion of ambrosia.
You are confused.
You feel invigorated. The orc wizard casts a spell at you.
You resist with significant effort.
The orc hits you with a +0 war axe of flaming.
* * * LOW HITPOINT WARNING * * *
The orc burns you.
* * * LOW HITPOINT WARNING * * *
The orc hits you but does no damage. The adder barely misses you.
You closely miss the orc.
The orc wizard hits you but does no damage.
The orc priest mumbles some strange prayers to Beogh against you.
Beogh smites you!
You die...

#.##.# #.# ##.##.#
##.##########
...##.####.#.#........
#.........###..#
#.#.#.####.#.#.#### .
......# #.....$.####.[
#.#.#.#
###.............
......#
#.....).oo......
#####.#
#......S@o####. #.#
#.#.#..o........ #.#
#.:.......####.. #.#
#?#.#...o.# #.#
...........
.#####....## #..#..
##. .#


You could see an orc priest, an orc wizard, an adder and 3 orcs.

Vanquished Creatures
  A worm (D:2)
  4 orcs (D:3)
  6 bats
  2 endoplasms
  A hobgoblin (D:1)
  3 jackals (D:2)
  4 quokkas
  2 ball pythons
  A frilled lizard (D:2)
  3 goblins
  3 kobolds
  5 rats
35 creatures vanquished.

Notes
Turn   | Place    | Note
-------+----------+-------------------------------------------
     0 | D:1      | dracfodder the Gargoyle Fighter began the quest for the
                  | Orb.
     0 | D:1      | Reached XP level 1. HP: 14/14 MP: 1/1
   203 | D:1      | Reached XP level 2. HP: 19/19 MP: 2/2
  1099 | D:2      | Reached XP level 3. HP: 22/23 MP: 3/3
  1466 | D:3      | Killed from afar by an orc priest

Illustrated notes

Levels and vault maps discovered:
D:1:      tarquinn_simple_flora_water_c, layout_loops_ring
D:2:      layout_basic, minmay_split_cup_small
D:3:      layout_loops_ring, serial_glass, glass_columns_a, glass_columns_b

Action                     || total
---------------------------++-------
  Melee: Flail             ||   124
    Use: Potion            ||     1
 Armour: Scale mail        ||    93
  Dodge: Dodged            ||    72
  Block: Buckler           ||    38

Table legend: (Time is in decaauts)
 A = Elapsed time spent in this place.
 B = Non-inter-level travel time spent in this place.
 C = Inter-level travel time spent in this place.
 D = Time resting spent in this place.
 E = Time spent auto-exploring this place.
 F = Levels seen in this place.
 G = Mean time per level.
                   A        B        C        D        E       F      G
               +--------+--------+--------+--------+--------+-----+--------+
         Total |   1506 |   1486 |     20 |      0 |   1164 |   3 |  502.0 |
       Dungeon |   1506 |   1486 |     20 |      0 |   1164 |   3 |  502.0 |
               +--------+--------+--------+--------+--------+-----+--------+

Top non-repeatable levels by time:
     D:2: 765 daAuts
     D:1: 667 daAuts
     D:3: 74 daAuts
